 Dungeon Crawl Stone Soup version 0.21.1-1-g345015f (webtiles) character file.

575 Mirai the Chopper (level 7, -11/55 HPs)
             Began as a Demonspawn Fighter on Mar 12, 2018.
             Mangled by an ogre
             ... wielding a +0 giant club
              (19 damage)
             ... on level 3 of the Dungeon.
             The game lasted 00:05:10 (3093 turns).

Mirai the Chopper (Demonspawn Fighter)              Turns: 3093, Time: 00:05:10

Health: -11/55     AC:  9    Str: 19    XL:     7   Next: 12%
Magic:  7/7        EV:  5    Int:  9    God:
Gold:   171        SH:  9    Dex: 12    Spells: 6/6 levels left

rFire    + . .     SeeInvis .   a - +0 war axe
rCold    . . .     Gourm    .   c - +0 shield
rNeg     . . .     Faith    .   b - +0 chain mail
rPois    .         Spirit   .   (helmet restricted)
rElec    .         Reflect  .   (no cloak)
rCorr    .         Harm     .   (no gloves)
MR       .....                  (no boots)
Stlth    ..........             (no amulet)
HPRegen  0.18/turn              (no ring)
MPRegen  0.10/turn              (no ring)

@: no status effects
A: claws 1, horns 1, fire resistance 1, spiny 1
a: no special abilities


You were on level 3 of the Dungeon.
You were not hungry.

You visited 1 branch of the dungeon, and saw 4 of its levels.

You collected 171 gold pieces.

Inventory:

Hand Weapons
 a - a +0 war axe (weapon)
Armour
 b - a +0 chain mail (worn)
 c - a +0 shield (worn)
Wands
 s - a wand of paralysis (14)
Scrolls
 h - 4 scrolls of remove curse {unknown}
 i - 3 scrolls of identify {unknown}
 k - a scroll of teleportation {unknown}
 o - 2 scrolls of amnesia {unknown}
 p - a scroll of fog {unknown}
 r - a scroll of enchant armour {unknown}
 t - a scroll of blinking {unknown}
Potions
 e - 2 potions of brilliance {unknown}
 g - a potion of cancellation {unknown}
 j - 3 potions of curing {unknown}
 l - 2 potions of heal wounds {unknown}
 m - 2 potions of haste {unknown}
 n - a potion of berserk rage {unknown}
 q - a potion of ambrosia {unknown}
Comestibles
 d - 5 chunks of flesh
 f - 8 rations


   Skills:
 + Level 4.4 Fighting
 + Level 5.2 Axes
 + Level 4.2 Armour
 + Level 1.5 Dodging
 - Level 2.6 Shields


You had 6 spell levels left.
You didn't know any spells.

Dungeon Overview and Level Annotations

Branches:
Dungeon (4/15)
 Temple: D:4-7

Altars:
Elyvilon
Kikubaaqudgha
Makhleb
Ru
Yredelemnul


Innate Abilities, Weirdness & Mutations

You have sharp fingernails.
You have a pair of small horns on your head.
Your flesh is heat resistant. (rF+)
You are partially covered in sharp spines.


Message History

The hound is struck by your spines. The hound bites you but does no damage.
You block the hound's attack. The hound is struck by your spines.
The hound closely misses you. The hound bites you.
The hound bites you but does no damage. The hound is struck by your spines.
The hound bites you. The hound barely misses you. You block the hound's attack.
The hound bites you but does no damage. The hound is struck by your spines.
You kill the hound!
The ogre is struck by your spines. The ogre hits you with a giant club!
* * * LOW HITPOINT WARNING * * *
There is a stone staircase leading up here.
The orc barely misses you.
You climb upwards.
There is a stone staircase leading down here.
Unknown command.
The ogre hits you with a giant club!!
You die...

####### #.....#
#.....# #.....#
#.....# ####.....#
#######.>......#
#..............# #
#....@O.##.....# #
#.[.....##.....# #
#.......##....<# #
#.......######## ###
#####..## #######..
###...## ##........
#...#..####..#####..
#.####......## #.#
#.# ##......# ##.#


You could see an ogre.

Vanquished Creatures
  The ghost of bmj180 the Covered, an amateur HaFi (D:3)
  An ice beast (D:3)
  A hound (D:4)
  An orc priest (D:4)
  3 gnolls (D:2)
  A howler monkey skeleton (D:4)
  7 adders
  An ooze (D:3)
  5 worms
  8 leopard geckos
  13 orcs
  A ball python (D:1)
  7 bats
  5 giant cockroaches
  11 goblins
  5 hobgoblins
  11 jackals
  A frilled lizard (D:1)
  8 kobolds
  A leopard gecko skeleton (D:4)
  9 rats
101 creatures vanquished.

Vanquished Creatures (others)
  3 fungi (D:2)
  3 plants (D:2)
6 creatures vanquished.

Grand Total: 107 creatures vanquished

Notes
Turn   | Place    | Note
-------+----------+-------------------------------------------
     0 | D:1      | Mirai the Demonspawn Fighter began the quest for the Orb.
     0 | D:1      | Reached XP level 1. HP: 18/18 MP: 1/1
   146 | D:1      | Gained mutation: You have a pair of small horns on your head. [demonic ancestry]
   146 | D:1      | Reached XP level 2. HP: 24/24 MP: 2/2
   747 | D:2      | Reached skill level 2 in Axes
  1029 | D:2      | Reached XP level 3. HP: 9/29 MP: 3/3
  1251 | D:2      | Found a white marble altar of Elyvilon.
  1251 | D:2      | Found an ancient bone altar of Kikubaaqudgha.
  1460 | D:2      | Found a basalt altar of Yredelemnul.
  1580 | D:2      | Gained mutation: You have sharp fingernails. [demonic ancestry]
  1580 | D:2      | Reached XP level 4. HP: 16/35 MP: 4/4
  2020 | D:2      | Reached skill level 3 in Axes
  2025 | D:2      | Found a sacrificial altar of Ru.
  2256 | D:3      | Noticed bmj180's ghost (amateur HaFi)
  2270 | D:3      | Killed bmj180's ghost
  2270 | D:3      | Reached skill level 4 in Axes
  2270 | D:3      | Reached skill level 1 in Dodging
  2270 | D:3      | Reached XP level 5. HP: 33/42 MP: 5/5
  2270 | D:3      | Gained mutation: You are partially covered in sharp spines. [demonic ancestry]
  2270 | D:3      | Reached XP level 6. HP: 38/48 MP: 6/6
  2477 | D:3      | Found a burning altar of Makhleb.
  2492 | D:3      | Noticed a green death
  2496 | D:3      | Noticed a neqoxec
  2496 | D:3      | Noticed an orange demon
  2656 | D:3      | Noticed an ice beast
  2662 | D:3      | Killed an ice beast
  3018 | D:4      | Reached skill level 5 in Axes
  3056 | D:4      | Gained mutation: Your flesh is heat resistant. (rF+) [demonic ancestry]
  3056 | D:4      | Reached XP level 7. HP: 37/55 MP: 7/7
  3093 | D:3      | Mangled by an ogre

Skill      XL: |  1  2  3  4  5  6 |
---------------+-------------------+-----
Armour         | 3 4 |  4.2
Axes           | 2 4 5 |  5.2
Fighting       | 4 |  4.4
Dodging        | 1 |  1.5
Shields        | |  2.6

Action                   |  1- 3 |  4- 6 |  7- 9 || total
-------------------------+-------+-------+-------++-------
Melee: War axe           |    96 |   138 |     2 ||   236
       Headbutt          |     6 |    23 |       ||    29
  Use: Potion            |       |     1 |       ||     1
  Eat: Chunk             |     2 |     5 |       ||     7
Armor: Scale mail        |    52 |    39 |       ||    91
       Chain mail        |       |    26 |     5 ||    31
Dodge: Dodged            |    32 |    37 |     5 ||    74
Block: Shield            |    45 |    90 |     6 ||   141
